 Dungeon Crawl Stone Soup version 0.21.1-1-g345015f (webtiles) character file.

28 iamserjio the Sneak (level 3, -3/31 HPs)
             Began as a Gnoll Assassin on June 23, 2018.
             Killed by nerve-wracking pain
             ... invoked by p0werm0de's ghost
              (12 damage)
             ... on level 3 of the Dungeon.
             The game lasted 00:04:28 (527 turns).

iamserjio the Sneak (Gnoll Assassin)                 Turns: 527, Time: 00:04:29

Health: -3/31      AC:  3    Str: 13    XL:     3   Next: 14%
Magic:  3/3        EV: 13    Int: 14    God:
Gold:   44         SH:  0    Dex: 16    Spells: 3/3 levels left

rFire    . . .     SeeInvis .   a - +2 dagger
rCold    . . .     Gourm    .   (no shield)
rNeg     . . .     Faith    .   c - +0 robe
rPois    .         Spirit   .   (no helmet)
rElec    .         Reflect  .   d - +0 cloak
rCorr    .         Harm     .   (no gloves)
MR       .....                  (no boots)
Stlth    ++++......             (no amulet)
HPRegen  0.10/turn              (no ring)
MPRegen  0.08/turn              (no ring)

@: no status effects
A: distributed training, fangs 1, strong nose
a: no special abilities


You were on level 3 of the Dungeon.
You were not hungry.

You visited 1 branch of the dungeon, and saw 3 of its levels.

You collected 44 gold pieces.

Inventory:

Hand Weapons
 a - a +2 dagger (weapon)
 b - a +0 blowgun
 m - a +0 long sword
Missiles
 e - 8 poisoned needles
 f - 2 curare-tipped needles {!f}
 i - 42 sling bullets
 l - 42 arrows
Armour
 c - a +0 robe (worn)
 d - a +0 cloak (worn)
Jewellery
 n - a +5 ring of evasion {unknown}
Scrolls
 h - 5 scrolls of identify {unknown}
 j - 3 scrolls of remove curse {unknown}
 k - a scroll of amnesia {unknown}
Comestibles
 g - 3 rations


   Skills:
 + Level 4.5 Fighting
 + Level 4.5 Short Blades
 + Level 0.6 Long Blades
 + Level 0.6 Axes
 + Level 0.6 Maces & Flails
 + Level 0.6 Polearms
 + Level 0.6 Staves
 + Level 0.6 Slings
 + Level 0.6 Bows
 + Level 0.6 Crossbows
 + Level 4.5 Throwing
 + Level 0.6 Armour
 + Level 2.5 Dodging
 + Level 7.7 Stealth
 + Level 0.6 Shields
 + Level 0.6 Unarmed Combat
 + Level 0.6 Spellcasting
 + Level 0.4 Conjurations
 + Level 0.4 Hexes
 + Level 0.4 Charms
 + Level 0.4 Summonings
 + Level 0.4 Necromancy
 + Level 0.4 Translocations
 + Level 0.4 Transmutations
 + Level 0.4 Fire Magic
 + Level 0.4 Ice Magic
 + Level 0.4 Air Magic
 + Level 0.4 Earth Magic
 + Level 0.4 Poison Magic
 + Level 0.8 Invocations
 + Level 0.6 Evocations


You had 3 spell levels left.
You didn't know any spells.

Dungeon Overview and Level Annotations

Branches:
Dungeon (3/15)

Altars:
Trog

Annotations:
D:3 p0werm0de's ghost, weakling OpNe


Innate Abilities, Weirdness & Mutations

Your experience applies equally to all skills.
You have very sharp teeth.
Your uncanny sense of smell can sniff out nearby items.


Message History

P0werm0de's ghost (weakling Octopode Necromancer) comes into view.
An adder comes into view.
You aren't carrying any items that you can evoke.
Unknown command.
A worm comes into view.
P0werm0de's ghost stares at you and mumbles some strange words.
Pain shoots through your body!
A hound comes into view.
The hound moves out of view.
P0werm0de's ghost barely misses you. P0werm0de's ghost hits you.
You see here a scroll labeled MIEJIZ RUGHORCH.
h - 5 scrolls labeled MIEJIZ RUGHORCH (gained 1) P0werm0de's ghost barely misses you.
P0werm0de's ghost stares at you and mumbles some strange words.
Pain shoots through your body!
* * * LOW HITPOINT WARNING * * *
A hobgoblin comes into view. It is wielding a club.
P0werm0de's ghost stares at you and mumbles some strange words.
Pain shoots through your body!
You die...

... ...... ..#
...... ..# ..h...
####.##......
#............
#............
######............
.#
#.........@....g..
#.#
#.................
#.#
#.......Ww..######
#.# ######.....#
#.# #.....### #.#
#.......# ##.#
####.......#
...#####
#..........#
##.....#
#...##'#####


You could see a worm, a hound (wandering), p0werm0de's ghost and a hobgoblin
(wandering).

Vanquished Creatures
  An adder (D:2)
  An ooze (D:1)
  2 bats
  3 hobgoblins
  A frilled lizard (D:2)
  4 goblins
  2 kobolds (D:1)
  A rat (D:1)
15 creatures vanquished.

Notes
Turn   | Place    | Note
-------+----------+-------------------------------------------
     0 | D:1      | iamserjio the Gnoll Assassin began the quest for the Orb.
     0 | D:1      | Reached XP level 1. HP: 20/20 MP: 1/1
    45 | D:1      | Reached XP level 2. HP: 11/26 MP: 2/2
   215 | D:2      | You fall through a shaft!
   236 | D:3      | Found a bloodstained altar of Trog.
   351 | D:2      | Reached XP level 3. HP: 22/31 MP: 3/3
   515 | D:3      | Noticed p0werm0de's ghost (weakling OpNe)
   527 | D:3      | Killed from afar by p0werm0de's ghost

Action                   || total
-------------------------++-------
Melee: Dagger            ||    47
       Bite              ||     6
 Stab: Sleeping          ||     3
Armor: Robe              ||     9
Dodge: Dodged            ||    26
